 Dungeon Crawl Stone Soup version 0.28-a0-803-g74956062c1 (webtiles) character file.

Game seed: 15995800712637118985

1149 Conn the Firebug (level 8, -1/48 HPs)
             Began as an Octopode Fire Elementalist on Nov 7, 2021.
             Shot with an arrow by a centaur (10 damage)
             ... on level 5 of the Dungeon.
             The game lasted 00:10:30 (6033 turns).

Conn the Firebug (Octopode Fire Elementalist)       Turns: 6033, Time: 00:10:30

Health: -1/48      AC:  1    Str:  7    XL:     8   Next: 38%
Magic:  12/16      EV: 17    Int: 20    God:
Gold:   228        SH:  0    Dex: 12    Spells: 10/17 levels left

rFire   + . .      SeeInvis .   m - staff of fire
rCold   . . .      Faith    .   (no shield)
rNeg    . . .      Spirit   .   (helmet restricted)
rPois   .          Reflect  .   (no amulet)
rElec   .          Harm     .   d - ring of flight
rCorr   .          Rampage  .   w - +4 ring of evasion
Will    .....                   (no ring)
Stlth   +++.......              (no ring)
HPRegen 0.16/turn               (no ring)
MPRegen 0.15/turn               (no ring)
                                (no ring)
                                (no ring)

@: marked, flying
A: almost no armour, amphibious, 8 rings, camouflage 1, gelatinous body 1,
(nimble swimmer 1), tentacles
a: no special abilities


You were on level 5 of the Dungeon.
You visited 1 branch of the dungeon, and saw 5 of its levels.

You collected 228 gold pieces.

Inventory:

Hand Weapons
 h - a +0 dagger
 q - a +0 dagger of speed
Missiles
 p - 14 poisoned darts
Magical Staves
 m - a staff of fire (weapon)
Jewellery
 d - a ring of flight (left tentacle)
 w - a +4 ring of evasion (right tentacle)
Wands
 r - a wand of paralysis (4)
 s - a wand of flame (26)
 x - a wand of iceblast (8)
Scrolls
 b - 5 scrolls of fog {unknown}
 f - a scroll of blinking {unknown}
 g - 2 scrolls of fear {unknown}
 i - 3 scrolls of magic mapping {unknown}
 k - a scroll of vulnerability {unknown}
 t - 2 scrolls of amnesia {unknown}
Potions
 a - 4 potions of attraction
 c - a potion of curing
 e - a potion of ambrosia
 j - a potion of invisibility {unknown}
 l - a potion of mutation {unknown}
 n - 2 potions of might {unknown}
 o - 2 potions of flight {unknown}
 u - a potion of lignification {unknown}
 v - 2 potions of heal wounds {unknown}


   Skills:
 + Level 1.2 Fighting
 + Level 0.5 Short Blades
 + Level 1.0 Staves
 + Level 2.7 Dodging
 + Level 3.9 Stealth
 + Level 5.4 Spellcasting
 + Level 4.0 Conjurations
 + Level 0.7 Hexes
 + Level 6.2 Fire Magic


You had 10 spell levels left.
You knew the following spells:

 Your Spells              Type           Power      Damage    Failure   Level
a - Foxfire               Conj/Fire      100%       2x1d9     1%          1
b - Conjure Flame         Conj/Fire      39%        6-21      4%          3
c - Inner Flame           Hex/Fire       29%        N/A       8%          3

Your spell library contained the following spells:

 Spells                   Type           Power      Damage    Failure   Level
 Scorch                   Fire           90%        2d9       1%          2
 Flame Wave               Conj/Fire      39%        3d8       13%         4


Dungeon Overview and Level Annotations

Branches:
Dungeon (5/15)
 Temple: D:4-7

Altars:
Makhleb

Annotations:
D:5 Ijyb


Innate Abilities, Weirdness & Mutations

You cannot wear most types of armour.
You are amphibious.
You can wear up to eight rings at the same time.
Your skin changes colour to match your surroundings (Stealth+).
Your rubbery body absorbs attacks. (AC +1, EV +1)
((You are camouflaged near water. (Stealth+)))
You have tentacles for arms and can constrict up to eight enemies at once.


Message History

You don't have enough magic to cast this spell.
Unknown command.
The foxfire hits the hornet but does no damage.
The hornet is heavily wounded.
The foxfire hits the hornet!
Flame seeps out of the hornet.
The hornet is severely wounded.
The centaur wields a +0 shortbow.
The centaur shoots an arrow.
The arrow barely misses you.
The hornet is engulfed in blazing flames.
The hornet explodes!
The centaur shoots an arrow.
The arrow hits you!
Your Conjurations skill increases to level 4!
Okay, then.
Aiming: Iceblast
Press: ? - help, Shift-Dir - straight line Out of range.
Okay, then.
It was a potion of ambrosia.
You are confused.
You feel invigorated.
The centaur shoots an arrow.
The arrow hits you!
The centaur shoots an arrow.
The arrow hits you!
The centaur shoots an arrow.
The arrow hits you!
* * * LOW HITPOINT WARNING * * *
Okay, then.
Okay, then.
You are too confused!
Unknown command.
Unknown command.
You feel better.
You feel less invigorated.
The centaur shoots an arrow.
The arrow hits you!
* * * LOW HITPOINT WARNING * * *
Aiming: Paralyse
Press: ? - help, Shift-Dir - straight line, f - centaur
Aim: a centaur, wielding a +0 shortbow and quivering arrows (chance to affect: 46%)
The centaur resists with some effort.
The centaur shoots an arrow.
The arrow hits you.
* * * LOW HITPOINT WARNING * * *
Ijyb the Twisted Goblin comes into view.
She is wielding a +8 club and carrying a wand of flame (21).
The centaur shoots an arrow.
The arrow hits you!
You die...

##
#######.....>##...####..##....
#...)..###........##.....
#......######...........#
##.##...####)......#...##
####.....###..##.##...#.
####.##.#.#####......
##....§............#
#.....§§##........##
##.@...............#
##................#
#..................
###†##..c.........<
...§§............
##....§.g.........
##..#...........
.............. .........


You could see Ijyb and a centaur.

Vanquished Creatures
  A hornet (D:5)
  A water moccasin (D:5)
  A black bear (D:4)
  An ogre (D:5)
  Blork the orc (D:4)
  A scorpion (D:4)
  A gnoll sergeant (D:4)
  2 water moccasin zombies (D:5)
  A bullfrog zombie (D:5)
  A bullfrog skeleton (D:5)
  A gnoll shaman (D:5)
  A centaur skeleton (D:4)
  An iguana (D:5)
  2 scorpion zombies
  A hound skeleton (D:4)
  Robin (D:3)
  5 gnolls (D:5)
  2 adders
  A white imp (D:5)
  3 dart slugs
  6 endoplasms
  3 giant cockroaches
  20 goblins
  12 hobgoblins
  3 jackals
  4 kobolds
  4 quokkas
  9 ball pythons
  7 bats
  A frilled lizard (D:3)
  4 rats
102 creatures vanquished.

Vanquished Creatures (others)
  343 foxfires
343 creatures vanquished.

Grand Total: 445 creatures vanquished

Notes
Turn   | Place    | Note
-------+----------+-------------------------------------------
     0 | D:1      | Conn the Octopode Fire Elementalist began the quest for the
                  | Orb.
     0 | D:1      | Reached XP level 1. HP: 11/11 MP: 3/3
   323 | D:1      | Reached XP level 2. HP: 17/17 MP: 1/5
   731 | D:1      | Reached XP level 3. HP: 20/21 MP: 0/6
  1433 | D:2      | Found a burning altar of Makhleb.
  2028 | D:3      | Reached XP level 4. HP: 21/27 MP: 4/7
  2256 | D:3      | Noticed Robin
  2272 | D:3      | Killed Robin
  2547 | D:3      | Reached skill level 4 in Fire Magic
  2845 | D:3      | You fall into a shaft and drop 1 floor!
  2845 | D:4      | Noticed a black bear
  2901 | D:4      | Noticed a gnoll sergeant
  3154 | D:3      | Found a faded altar of an unknown god.
  3381 | D:3      | Learned a level 3 spell: Conjure Flame
  3385 | D:3      | Learned a level 3 spell: Inner Flame
  3532 | D:4      | Reached XP level 5. HP: 31/31 MP: 2/9
  3587 | D:4      | Killed a black bear
  3812 | D:4      | Noticed Blork the orc
  3821 | D:4      | Killed Blork the orc
  3822 | D:4      | Reached XP level 6. HP: 14/37 MP: 1/11
  4255 | D:4      | HP: 1/37 [gnoll sergeant/iceblast (16)]
  4261 | D:4      | Reached skill level 1 in Fighting
  4909 | D:4      | Reached XP level 7. HP: 36/43 MP: 6/12
  5043 | D:5      | Entered Level 5 of the Dungeon
  5053 | D:5      | Reached skill level 5 in Fire Magic
  5629 | D:5      | Reached skill level 1 in Staves
  5629 | D:5      | Reached skill level 5 in Spellcasting
  5629 | D:5      | Reached XP level 8. HP: 26/48 MP: 1/15
  6016 | D:5      | Reached skill level 6 in Fire Magic
  6025 | D:5      | Noticed a hornet
  6029 | D:5      | Killed a hornet
  6033 | D:5      | Noticed Ijyb
  6033 | D:5      | Shot with an arrow by a centaur

Illustrated notes

Levels and vault maps discovered:
D:1:      wheals_arrival_shading, layout_loops_corners, minivault_26
D:2:      layout_basic, basic_altar, minmay_pentomino_p4
D:3:      layout_basic, dreamdust_ecumenical_altar_hidden_monk_grotto,
          uniq_robin
D:4:      layout_loops_corners, st_stairs_13, uniq_blork_the_orc
D:5:      layout_cave_pools, uniq_ijyb

Skill      XL: |  1  2  3  4  5  6  7  8 |
---------------+-------------------------+-----
Stealth        | 3 |  3.9
Fire Magic     | 4 5 6 |  6.2
Conjurations   | 2 3 4 |  4.0
Spellcasting   | 3 5 |  5.4
Fighting       | 1 |  1.2
Staves         | 1 |  1.0
Short Blades   | |  0.5
Dodging        | |  2.7
Hexes          | |  0.7

Action                   |  1- 3 |  4- 6 |  7- 9 || total
-------------------------+-------+-------+-------++-------
Melee: Unarmed           |     9 |       |       ||     9
       Constrict         |    13 |     8 |       ||    21
       Tentacles         |     9 |     2 |       ||    11
       Dagger            |    19 |     1 |       ||    20
       Staff             |     4 |    22 |     1 ||    27
 Cast: Foxfire           |    60 |    70 |    68 ||   198
       Inner Flame       |       |     4 |     2 ||     6
       Conjure Flame     |       |     1 |       ||     1
Evoke: Wand              |       |     1 |     1 ||     2
  Use: Scroll            |       |     3 |       ||     3
       Potion            |       |       |     2 ||     2
 Stab: Sleeping          |     3 |     1 |       ||     4
Armor: Skin              |     6 |     5 |       ||    11
Dodge: Dodged            |    34 |    34 |     8 ||    76

Table legend: (Time is in decaauts)
 A = Elapsed time spent in this place.
 B = Non-inter-level travel time spent in this place.
 C = Inter-level travel time spent in this place.
 D = Time resting spent in this place.
 E = Time spent auto-exploring this place.
 F = Levels seen in this place.
 G = Mean time per level.
                   A        B        C        D        E       F      G
               +--------+--------+--------+--------+--------+-----+--------+
         Total |   6036 |   5949 |     87 |    294 |   4574 |   5 | 1207.2 |
       Dungeon |   6036 |   5949 |     87 |    294 |   4574 |   5 | 1207.2 |
               +--------+--------+--------+--------+--------+-----+--------+

Top non-repeatable levels by time:
     D:4: 1688 daAuts
     D:1: 1403 daAuts
     D:3: 1399 daAuts
     D:5: 989 daAuts
     D:2: 556 daAuts
